Map: Abyssal Reef LE

Players

Optimus - Winner!

  • Race: Terran Terran
  • Spawn Location: 5:00

Majestic

  • Race: Protoss Protoss
  • Spawn Location: 11:00

Event: WCS Valencia 2017

VOD

Have the link to the VOD?

Description

Time

  • Played on: July 13, 2017, 10:55 a.m.
  • Length: 9:35

All games in this series

Show
View Real Time Build Order
Export as new Build Order

Optimus Terran - Winner!

Build Orders: Reaper Expand, MMM Bio 

Get SALT Encoding   

  12  0:00  SCV  
  13  0:12  SCV  
  14  0:17  Supply Depot  
  14  0:24  SCV  
  15  0:30  Refinery  
  15  0:38  SCV  
  16  0:45  Barracks  
  16  0:50  SCV  
  17  1:03  SCV  
  18  1:15  SCV  
  19  1:32  Orbital Command, Reaper  
  20  1:45  Command Center  
  20  1:58  Factory  
  20  2:02  SCV  
  20  2:07  Barracks Reactor  
  21  2:12  Supply Depot  
  22  2:15  SCV  
  22  2:22  Refinery  
  22  2:27  SCV  
  23  2:39  SCV  
  24  2:44  Starport  
  24  2:45  Marine x2  
  24  2:50  Widow Mine  
  28  2:52  SCV  
  29  3:02  Orbital Command  
  29  3:04  SCV  
  30  3:07  Marine x2  
  32  3:16  SCV  
  32  3:19  Widow Mine  
  35  3:22  Medivac  
  35  3:25  Marine x2  
  39  3:28  SCV x2  
  41  3:35  Supply Depot  
  41  3:42  SCV  
  41  3:43  Barracks  
  41  3:47  SCV, Widow Mine  
  45  3:56  Medivac  
  45  4:00  SCV  
  48  4:03  Barracks  
  48  4:05  SCV  
  48  4:06  Marine x2  
  50  4:10  Supply Depot  
  50  4:14  Liberator, SCV  
  51  4:17  SCV, Widow Mine  
  51  4:23  Supply Depot  
  54  4:27  SCV  
  54  4:29  SCV  
  54  4:37  Barracks Tech Lab  
  54  4:38  Marine x2  
  59  4:39  SCV  
  59  4:44  SCV  
  61  4:46  Widow Mine  
  61  4:51  SCV  
  64  4:56  SCV  
  64  4:58  Marine x2  
  64  4:59  Stimpack, Barracks Tech Lab  
  67  5:00  Marauder  
  67  5:02  Supply Depot  
  67  5:03  SCV  
  70  5:21  Supply Depot  
  70  5:22  Barracks  
  70  5:24  SCV x2, Barracks  
  70  5:28  Medivac, Factory Tech Lab  
  72  5:29  Marine x2  
  72  5:33  Engineering Bay  
  76  5:36  SCV  
  76  5:37  Supply Depot  
  76  5:38  Refinery  
  76  5:40  SCV  
  78  5:43  Marauder x2  
  78  5:45  Supply Depot  
  78  5:48  SCV  
  83  5:51  Siege Tank  
  83  5:58  SCV  
  83  6:03  Marine x2  
  86  6:05  Marauder x2  
  86  6:08  Medivac  
  92  6:12  SCV  
  92  6:15  Refinery, Supply Depot  
  95  6:19  Barracks Tech Lab  
  95  6:20  Barracks Reactor  
  95  6:21  Marine  
  95  6:24  SCV  
  89  6:33  Marine  
  89  6:34  Siege Tank  
  89  6:38  SCV x2  
  95  6:41  Marauder x2  
  95  6:44  Command Center  
  99  6:50  Combat Shields  
  99  6:53  SCV x2  
  99  6:54  Supply Depot  
  101  6:57  Bunker  
  101  7:00  Liberator, Bunker  
  101  7:04  Marauder  
  95  7:11  Siege Tank  
  95  7:14  Marine x3  
  100  7:16  Supply Depot  
  100  7:19  SCV x2  
  100  7:21  Marine  
  100  7:22  Marine  
  107  7:29  Bunker  
  107  7:32  Marauder, Marine x2  
  107  7:33  Marauder  
  113  7:37  Missile Turret  
  113  7:40  Marauder  
  113  7:44  Concussive Shells  
  115  7:47  Supply Depot  
  115  7:48  Marine  
  116  7:52  Siege Tank  
  116  7:54  Marauder x2  
  116  7:57  Orbital Command  
  116  7:58  SCV  
  124  7:59  SCV  
  124  8:04  Marauder, Marine  
  128  8:13  Marine  
  128  8:15  Marauder  
  128  8:16  SCV, Marine x2  
  133  8:23  Marauder  
  133  8:24  Siege Tank  
  133  8:26  Marauder  
  130  8:28  Medivac  
  130  8:32  Marine  
  130  8:33  Marine  
  127  8:35  SCV  
  127  8:36  Marine  
  127  8:37  Marauder  
  127  8:41  SCV  
  122  8:43  Marine  
  122  8:48  Starport  
  122  8:50  Marine x2  
  123  8:56  Marine x2  
  123  8:58  Siege Tank  
  123  9:02  SCV x2  
  130  9:09  Marauder x2  
  131  9:11  Marine x2  
  131  9:16  SCV x2  
  135  9:22  SCV  
  137  9:30  Starport Reactor, Supply Depot  
Show
View Real Time Build Order
Export as new Build Order

Majestic Protoss 

Build Orders: 1 Gate Expand, Blink Stalkers 

Get SALT Encoding   

  12  0:02  Probe (Chrono Boost)  
  13  0:13  Probe (Chrono Boost)  
  14  0:18  Pylon  
  14  0:23  Probe (Chrono Boost)  
  15  0:37  Probe (Chrono Boost)  
  15  0:39  Gateway  
  15  0:42  Assimilator  
  16  0:47  Probe (Chrono Boost)  
  17  0:58  Probe (Chrono Boost)  
  18  1:08  Probe (Chrono Boost)  
  19  1:20  Nexus  
  19  1:29  Cybernetics Core  
  19  1:33  Probe (Chrono Boost)  
  19  1:39  Assimilator  
  20  1:43  Probe (Chrono Boost)  
  21  1:49  Pylon  
  22  1:54  Probe (Chrono Boost)  
  22  2:04  Probe (Chrono Boost)  
  22  2:07  Warp Gate, Adept (Chrono Boost)  
  25  2:16  Probe  
  26  2:28  Probe  
  27  2:31  Probe, Adept (Chrono Boost)  
  30  2:40  Probe  
  30  2:41  Probe  
  32  2:45  Robotics Facility  
  32  2:52  Probe x2  
  34  3:03  Probe (Chrono Boost)  
  34  3:04  Probe (Chrono Boost)  
  36  3:08  Twilight Council  
  36  3:15  Probe x2 (Chrono Boost)  
  36  3:16  Pylon  
  38  3:26  Probe (Chrono Boost), Mothership Core (Chrono Boost)  
  41  3:27  Gateway  
  41  3:32  Observer (Chrono Boost), Blink, Gateway  
  42  3:37  Probe (Chrono Boost)  
  43  3:43  Pylon  
  43  3:44  Probe (Chrono Boost)  
  43  3:47  Probe  
  45  3:54  Assimilator  
  46  3:55  Probe  
  46  3:56  Assimilator  
  46  3:59  Probe  
  47  4:07  Probe  
  48  4:11  Observer (Chrono Boost), Probe  
  50  4:19  Probe  
  50  4:24  Pylon  
  51  4:26  Pylon  
  51  4:28  Probe  
  52  4:32  Stalker x2  
  52  4:33  Stalker  
  52  4:37  Probe  
  59  4:40  Probe  
  60  4:47  Robotics Bay  
  60  4:51  Probe  
  60  5:04  Gateway  
  60  5:06  Sentry  
  62  5:08  Pylon  
  62  5:12  Stalker  
  62  5:13  Stalker  
  66  5:16  Probe x2 (Chrono Boost)  
  61  5:28  Probe x2 (Chrono Boost)  
  61  5:39  Probe x2 (Chrono Boost), Stalker x3  
  69  5:49  Probe x2 (Chrono Boost)  
  69  5:55  Disruptor (Chrono Boost)  
  72  6:00  Probe  
  69  6:09  Gateway  
  69  6:10  Gateway  
  69  6:12  Sentry  
  69  6:15  Sentry x2  
  75  6:23  Disruptor (Chrono Boost)  
  74  6:30  Resonating Glaives (Chrono Boost), Gateway  
  77  6:37  Pylon  
  77  6:38  Pylon  
  77  6:42  Stalker  
  77  6:46  Forge, Probe  
  80  6:50  Stalker  
  80  6:53  Warp Prism  
  77  7:12  Stalker x2  
  77  7:13  Stalker x2  
  83  7:20  Stalker  
  85  7:34  Adept  
  87  7:42  Adept x3  
  93  7:49  Pylon x2  
  93  7:51  Pylon  
  93  7:56  Disruptor  
  92  8:01  Photon Cannon  
  91  8:09  Adept x2  
  91  8:10  Adept  
  97  8:17  Adept x2  
  97  8:19  Adept  
  88  8:30  Sentry x2  
  88  8:33  Adept  
  73  8:41  Adept x3  
  73  8:56  Stalker x3  
  76  9:07  Stalker x2  
Tags
 
Add a new tag
Caveats
  • Supply blocks, unpowered buildings, or Contaminate may cause inaccurate times.
  • Supply counts are checked every 10 seconds.